[Event "Belt Road Women 2019"]
[Site "Shaoxing"]
[Date "2019.07.12"]
[Round "5.12"]
[White "Gu, Tianlu"]
[Black "Pujari, Rucha"]
[Result "1-0"]
[ECO "C55"]
[WhiteElo "2205"]
[BlackElo "2268"]
[Annotator "ChessBase"]
[PlyCount "67"]
[EventDate "2019.07.08"]
[EventType "swiss"]
[EventCountry "CHN"]
[SourceTitle "playchess.com"]
[Source "ChessBase"]
[SourceQuality "1"]
[TimeControl "5400+30"]

1. e4 e5 2. Nf3 Nc6 3. Bc4 Nf6 4. d3 Be7 5. O-O O-O 6. Re1 d6 7. a3 Be6 8. Nbd2 Qd7 9. c3 Rae8 10. Bb5 a6 11. Ba4 b5 12. Bc2 h6 13. Nf1 d5 14. exd5 Qxd5 15. b4 Nd7 16. d4 exd4 17. Be4 Qd6 18. Bf4 Qxf4 19. Bxc6 dxc3 20. Rxe6 fxe6 21. Bxd7 Rd8 22. Bxe6+ Kh8 23. Qc2 c5 24. Re1 Rf6 25. Ba2 cxb4 26. Bb1 g6 27. Rxe7 a5 28. axb4 axb4 29. Ne5 Rdd6 30. g3 b3 31. Nxg6+ Rxg6 32. Qxc3+ Qf6 33. Qc8+ Rg8 34. Rh7# 1-0

[Event "Belt Road Women 2019"]
[Site "Shaoxing"]
[Date "2019.07.12"]
[Round "5.13"]
[White "Zhang, Xiao"]
[Black "Bai, Xue"]
[Result "0-1"]
[ECO "E04"]
[WhiteElo "2259"]
[BlackElo "2029"]
[Annotator "ChessBase"]
[PlyCount "88"]
[EventDate "2019.07.08"]
[EventType "swiss"]
[EventCountry "CHN"]
[SourceTitle "playchess.com"]
[Source "ChessBase"]
[SourceQuality "1"]
[TimeControl "5400+30"]

1. d4 Nf6 2. c4 e6 3. g3 d5 4. Bg2 dxc4 5. Nf3 c5 6. O-O Nc6 7. Qa4 Bd7 8. Qxc4 b5 9. Qd3 c4 10. Qd1 Rc8 11. Bg5 h6 12. Bxf6 Qxf6 13. e4 Bb4 14. a4 bxa4 15. Rxa4 a5 16. Nc3 O-O 17. Ra1 Rfd8 18. e5 Qe7 19. Qe2 Na7 20. d5 exd5 21. Nxd5 Qc5 22. Rfd1 Nb5 23. Rac1 Be6 24. Nf4 c3 25. Nxe6 fxe6 26. Qc2 cxb2 27. Qxb2 Nc3 28. Rxd8+ Rxd8 29. Ra1 Qc4 30. h4 a4 31. Bh3 Kf7 32. Bf1 Qe4 33. Re1 a3 34. Qb3 Qxf3 35. Qxb4 Rd2 36. Qb6 a2 37. Bc4 Ne2+ 38. Bxe2 Rxe2 39. Rc1 Qd5 40. Qa7+ Kg8 41. Ra1 Rb2 42. Rf1 Rb1 43. Qa6 Rxf1+ 44. Kxf1 a1=Q+ 0-1

[Event "Belt Road Women 2019"]
[Site "Shaoxing"]
[Date "2019.07.12"]
[Round "5.14"]
[White "Li, Yunshan"]
[Black "Yan, Tianqi"]
[Result "1-0"]
[ECO "E52"]
[WhiteElo "2254"]
[BlackElo "2034"]
[Annotator "ChessBase"]
[PlyCount "69"]
[EventDate "2019.07.08"]
[EventType "swiss"]
[EventCountry "CHN"]
[SourceTitle "playchess.com"]
[Source "ChessBase"]
[SourceQuality "1"]
[TimeControl "5400+30"]

1. d4 Nf6 2. c4 e6 3. Nc3 Bb4 4. Nf3 O-O 5. e3 b6 6. Bd2 Bb7 7. Bd3 d5 8. cxd5 exd5 9. Rc1 a6 10. O-O Bd6 11. Ne5 Ne4 12. Be1 Nd7 13. f4 Qe7 14. Qf3 f5 15. Qh3 Qe8 16. Nxe4 dxe4 17. Bc4+ Kh8 18. Be2 Qe6 19. g4 g6 20. gxf5 gxf5 21. Bc4 Qe8 22. Kh1 c5 23. Nxd7 Qxd7 24. dxc5 Be7 25. cxb6 Bf6 26. Bc3 Bxc3 27. Rxc3 Rf6 28. Rc2 Rxb6 29. Rg1 Rd6 30. Rcg2 Bd5 31. Bxd5 Rxd5 32. Qh4 Qf7 33. Rg7 Qxg7 34. Rxg7 Kxg7 35. Qe7+ 1-0

[Event "Belt Road Women 2019"]
[Site "Shaoxing"]
[Date "2019.07.12"]
[Round "5.15"]
[White "Fominykh, Maria"]
[Black "Du, Yuxin"]
[Result "1/2-1/2"]
[ECO "E11"]
[WhiteElo "2243"]
[BlackElo "2015"]
[Annotator "NA"]
[PlyCount "91"]
[EventDate "2019.07.08"]
[EventType "swiss"]
[EventCountry "CHN"]
[SourceTitle "playchess.com"]
[Source "ChessBase"]
[SourceQuality "1"]
[TimeControl "5400+30"]

1. d4 Nf6 2. c4 e6 3. g3 d5 4. Nf3 Bb4+ 5. Bd2 Be7 6. Bg2 O-O 7. O-O c6 8. Qc2 Ne4 9. Be3 Nd7 10. Ne1 Nd6 11. cxd5 exd5 12. Nc3 Nf6 13. f3 Bf5 14. Qc1 Re8 15. Bf2 Bf8 16. Nc2 Bg6 17. Re1 Qa5 18. a4 Rac8 19. Bh3 Rcd8 20. Bf1 Qc7 21. b3 b6 22. Rd1 a5 23. Ne1 h6 24. Nd3 Bxd3 25. Rxd3 Qd7 26. Rd2 Nb7 27. e3 g6 28. Qc2 h5 29. Re1 Bh6 30. Rdd1 Nd6 31. e4 dxe4 32. fxe4 Ng4 33. Bh3 Qe7 34. Bxg4 hxg4 35. e5 Nf5 36. Ne4 Bg7 37. Qxc6 Qb4 38. Qc4 Qxc4 39. bxc4 Re6 40. Rd2 Rc6 41. Rc1 Bh6 42. Rcd1 Bxd2 43. Rxd2 Rxc4 44. Nf6+ Kg7 45. d5 Rb4 46. Kf1 1/2-1/2

[Event "Belt Road Women 2019"]
[Site "Shaoxing"]
[Date "2019.07.12"]
[Round "5.16"]
[White "Xu, Yuze"]
[Black "Zhang, Yuxuan"]
[Result "1-0"]
[ECO "B22"]
[WhiteElo "2083"]
[BlackElo "1987"]
[Annotator "NA"]
[PlyCount "77"]
[EventDate "2019.07.08"]
[EventType "swiss"]
[EventCountry "CHN"]
[SourceTitle "playchess.com"]
[Source "ChessBase"]
[SourceQuality "1"]
[TimeControl "5400+30"]

1. e4 c5 2. c3 d5 3. exd5 Qxd5 4. d4 e6 5. Nf3 Nf6 6. Na3 a6 7. Nc4 Nbd7 8. a4 b6 9. Be2 Bb7 10. Be3 Ng4 11. Bf4 cxd4 12. Qxd4 Qxd4 13. Nxd4 h5 14. O-O Ngf6 15. Rfe1 Nd5 16. Bf3 Bc5 17. Nd6+ Bxd6 18. Bxd6 Ra7 19. Rad1 Ne7 20. Nxe6 Bxf3 21. Nxg7+ Kf8 22. gxf3 Kxg7 23. Rxe7 Rd8 24. Rd4 Rb7 25. Kf1 Nc5 26. Rxb7 Nxb7 27. Be5+ Kg6 28. Rxd8 Nxd8 29. Bc7 Nc6 30. Bxb6 Ne5 31. b4 Nxf3 32. Kg2 Nd2 33. b5 Nc4 34. Bd4 axb5 35. axb5 Kf5 36. b6 Na5 37. c4 Ke4 38. Be3 f5 39. Kg3 {[%emt 0:01:18] Kd5} 1-0

[Event "Belt Road Women 2019"]
[Site "Shaoxing"]
[Date "2019.07.12"]
[Round "5.17"]
[White "Zhou, Yafei"]
[Black "Peng, Tianlu"]
[Result "1-0"]
[ECO "E11"]
[WhiteElo "1720"]
[BlackElo "1901"]
[Annotator "NA"]
[PlyCount "89"]
[EventDate "2019.07.08"]
[EventType "swiss"]
[EventCountry "CHN"]
[SourceTitle "playchess.com"]
[Source "ChessBase"]
[SourceQuality "1"]
[TimeControl "5400+30"]

1. d4 Nf6 2. c4 e6 3. Nf3 Bb4+ 4. Bd2 a5 5. a3 Bxd2+ 6. Qxd2 O-O 7. Nc3 b6 8. e4 d5 9. e5 Ne4 10. Qc2 Bb7 11. Bd3 Ng5 12. cxd5 Nxf3+ 13. gxf3 g6 14. O-O-O Bxd5 15. Nxd5 exd5 16. Rdg1 Qd7 17. Kb1 c5 18. h4 c4 19. Bf5 Qe8 20. h5 g5 21. Rxg5+ Kh8 22. Bxh7 Nc6 23. Qd2 Kxh7 24. Rhg1 Qe6 25. Rg7+ Kh8 26. R1g6 Qf5+ 27. Ka1 Qxg6 28. Rxg6 fxg6 29. Qh6+ Kg8 30. Qxg6+ Kh8 31. Qxc6 Rac8 32. Qxd5 c3 33. bxc3 Rxc3 34. Kb2 Rcxf3 35. e6 Rxf2+ 36. Kb3 b5 37. Qxb5 a4+ 38. Kxa4 Ra8+ 39. Kb3 Rf3+ 40. Kc4 Raxa3 41. Qb8+ Kg7 42. e7 Rac3+ 43. Kd5 Rf5+ 44. Ke4 Rcf3 45. e8=Q 1-0

[Event "Belt Road Women 2019"]
[Site "Shaoxing"]
[Date "2019.07.13"]
[Round "6.7"]
[White "Li, Xueyi"]
[Black "Pratyusha, Bodda"]
[Result "1-0"]
[ECO "E05"]
[WhiteElo "2330"]
[BlackElo "2265"]
[Annotator "ChessBase"]
[PlyCount "87"]
[EventDate "2019.07.08"]
[EventType "swiss"]
[EventCountry "CHN"]
[SourceTitle "playchess.com"]
[Source "ChessBase"]
[SourceQuality "1"]
[TimeControl "5400+30"]

1. d4 Nf6 2. Nf3 e6 3. g3 d5 4. c4 Be7 5. Bg2 O-O 6. O-O dxc4 7. Qc2 a6 8. a4 Bd7 9. Rd1 Bc6 10. Nc3 Qc8 11. e4 Rd8 12. Ne5 Be8 13. Qe2 Nbd7 14. Nxc4 Nf8 15. Bg5 Rb8 16. a5 Nd5 17. Bxe7 Nxe7 18. d5 b5 19. axb6 cxb6 20. Ne3 b5 21. dxe6 Rxd1+ 22. Qxd1 Qxe6 23. Ncd5 Nxd5 24. exd5 Qb6 25. Nf5 Qf6 26. Nd4 Rd8 27. Qd2 Ng6 28. Qc3 Ne7 29. Nc6 Qxc3 30. Nxe7+ Kf8 31. bxc3 Kxe7 32. Rxa6 Rc8 33. d6+ Kd8 34. Bb7 Rxc3 35. Ra8+ Kd7 36. Ba6 Rc5 37. Rb8 Re5 38. Bxb5+ Kxd6 39. Bxe8 Kc7 40. Ra8 Kb7 41. Rd8 Kc7 42. Rd7+ Kc8 43. Rxf7 Rxe8 44. Rxg7 1-0

[Event "Belt Road Women 2019"]
[Site "Shaoxing"]
[Date "2019.07.13"]
[Round "6.12"]
[White "Du, Yuxin"]
[Black "Song, Yuxin"]
[Result "1-0"]
[ECO "B96"]
[WhiteElo "2015"]
[BlackElo "2277"]
[Annotator "ChessBase"]
[PlyCount "137"]
[EventDate "2019.07.08"]
[EventType "swiss"]
[EventCountry "CHN"]
[SourceTitle "playchess.com"]
[Source "ChessBase"]
[SourceQuality "1"]
[TimeControl "5400+30"]

1. e4 c5 2. Nf3 d6 3. d4 cxd4 4. Nxd4 Nf6 5. Nc3 a6 6. Bg5 e6 7. f4 h6 8. Bh4 Qb6 9. a3 Be7 10. Bf2 Qc7 11. Bd3 Nbd7 12. Qe2 Nc5 13. O-O-O b5 14. f5 e5 15. Nf3 Bb7 16. Kb1 O-O-O 17. Rhe1 Rhe8 18. Bg3 Bc6 19. b4 Nxd3 20. Rxd3 g6 21. fxg6 fxg6 22. Nd2 Kb8 23. Nb3 Nh5 24. Nd5 Nxg3 25. hxg3 Qa7 26. Na5 Rc8 27. Red1 Bg5 28. Rf3 Bxd5 29. exd5 e4 30. Nc6+ Rxc6 31. dxc6 Qe7 32. Rc3 Kc7 33. Qg4 Rd8 34. Rf1 d5 35. Qe2 Bf6 36. Rb3 d4 37. Rxf6 Qxf6 38. Qxe4 Qxc6 39. Qf4+ Rd6 40. Qxh6 Qxg2 41. Qg7+ Kc8 42. Qf8+ Kd7 43. Rf3 Qh1+ 44. Kb2 Kc7 45. Rf7+ Rd7 46. Rxd7+ Kxd7 47. Qg7+ Kc8 48. Qxd4 Qh7 49. Qc5+ Kb7 50. Qd5+ Kb6 51. Kb3 Qg7 52. c4 bxc4+ 53. Kxc4 Qf6 54. Qd4+ Qxd4+ 55. Kxd4 Kb5 56. Kc3 Ka4 57. Kb2 a5 58. bxa5 Kxa5 59. Kc3 Ka4 60. Kd4 Kxa3 61. Ke5 Kb4 62. Kf6 Kc5 63. Kxg6 Kd6 64. g4 Ke7 65. Kg7 Ke6 66. g5 Ke7 67. g6 Ke6 68. Kf8 Kf6 69. g7 1-0

[Event "Belt Road Women 2019"]
[Site "Shaoxing"]
[Date "2019.07.13"]
[Round "6.13"]
[White "Xu, Yuze"]
[Black "Hu, Yu A."]
[Result "1/2-1/2"]
[ECO "B22"]
[WhiteElo "2083"]
[BlackElo "2095"]
[Annotator "NA"]
[PlyCount "40"]
[EventDate "2019.07.08"]
[EventType "swiss"]
[EventCountry "CHN"]
[SourceTitle "playchess.com"]
[Source "ChessBase"]
[SourceQuality "1"]
[TimeControl "5400+30"]

1. e4 c5 2. c3 Nf6 3. e5 Nd5 4. d4 cxd4 5. Nf3 Nc6 6. cxd4 d6 7. Bc4 Nb6 8. Bb5 Bd7 9. Nc3 d5 {[%emt 0:01:09] B22: Sicilian: 2 c3} (9... a6 10. Be2 Bf5 11. Nh4 Bd7 12. e6 Bxe6 13. d5 Nxd5 14. Nxd5 g5 15. Nf3 h6 16. O-O Bg7 17. Be3 {1-0 (52) Christiansen,J (2486)-Adly,A (2643) Reykjavik 2018}) 10. O-O e6 11. a3 Be7 12. Qe2 O-O 13. Be3 $146 ({Predecessor:} 13. Bd3 f5 14. exf6 Bxf6 15. Bc2 Qe8 16. Qd3 {1-0 (38) Rohl Montes,J (2407)-Blanco Ronquillo,H (2440) Caracas 2014}) 13... Rc8 14. Nd2 Na5 15. Bd3 Nac4 16. Nxc4 Nxc4 17. f4 Nxe3 18. Qxe3 f5 19. Rfc1 Qb6 20. b4 Rc7 $11 1/2-1/2

[Event "Belt Road Women 2019"]
[Site "Shaoxing"]
[Date "2019.07.13"]
[Round "6.15"]
[White "Zhou, Yafei"]
[Black "Fominykh, Maria"]
[Result "1/2-1/2"]
[ECO "E92"]
[WhiteElo "1720"]
[BlackElo "2243"]
[Annotator "ChessBase"]
[PlyCount "52"]
[EventDate "2019.07.08"]
[EventType "swiss"]
[EventCountry "CHN"]
[SourceTitle "playchess.com"]
[Source "ChessBase"]
[SourceQuality "1"]
[TimeControl "5400+30"]

1. d4 d6 2. Nf3 Nf6 3. c4 g6 4. Nc3 Bg7 5. e4 O-O 6. Be2 e5 7. dxe5 dxe5 8. Qxd8 Rxd8 9. Bg5 Re8 10. Nd5 Nxd5 11. cxd5 c6 12. Bc4 cxd5 13. Bxd5 Nc6 14. O-O Be6 15. Bxe6 Rxe6 16. Rfd1 Nd4 17. Be3 Rd8 18. Kf1 f5 19. exf5 gxf5 20. Bxd4 exd4 21. Rd3 Rc6 22. Rad1 Rc2 23. Nxd4 Bxd4 24. Rxd4 Rxd4 25. Rxd4 Rxb2 26. Rd7 a5 1/2-1/2

[Event "Belt Road Women 2019"]
[Site "Shaoxing"]
[Date "2019.07.13"]
[Round "6.16"]
[White "Zhang, Yuxuan"]
[Black "Zhang, Xiao"]
[Result "0-1"]
[ECO "C55"]
[WhiteElo "1987"]
[BlackElo "2259"]
[Annotator "ChessBase"]
[PlyCount "62"]
[EventDate "2019.07.08"]
[EventType "swiss"]
[EventCountry "CHN"]
[SourceTitle "playchess.com"]
[Source "ChessBase"]
[SourceQuality "1"]
[TimeControl "5400+30"]

1. e4 e5 2. Nf3 Nc6 3. Bc4 Nf6 4. d3 h6 5. O-O d6 6. a4 g5 7. c3 Bg7 8. Na3 O-O 9. Nc2 Ne7 10. Ne3 c6 11. Bb3 Ng6 12. Bc2 Re8 13. a5 d5 14. Re1 g4 15. Nd2 h5 16. Ndf1 Nf4 17. exd5 cxd5 18. Ng3 Bh6 19. d4 e4 20. c4 h4 21. Nef5 Bg5 22. Nxh4 Nh3+ 23. gxh3 Bxh4 24. Qd2 gxh3 25. cxd5 Qxd5 26. Qf4 e3 27. f3 Bg5 28. Qc7 Qxf3 29. Re2 Bf4 30. Qc5 Be6 31. Bd1 Bd5 0-1

[Event "Belt Road Women 2019"]
[Site "Shaoxing"]
[Date "2019.07.13"]
[Round "6.17"]
[White "Peng, Tianlu"]
[Black "Yan, Tianqi"]
[Result "1-0"]
[ECO "B22"]
[WhiteElo "1901"]
[BlackElo "2034"]
[Annotator "NA"]
[PlyCount "151"]
[EventDate "2019.07.08"]
[EventType "swiss"]
[EventCountry "CHN"]
[SourceTitle "playchess.com"]
[Source "ChessBase"]
[SourceQuality "1"]
[TimeControl "5400+30"]

1. e4 c5 2. c3 Nf6 3. e5 Nd5 4. Nf3 e6 5. d4 cxd4 6. cxd4 d6 7. Bc4 Nb6 8. Bd3 Nc6 9. Nc3 Be7 10. exd6 Bxd6 11. O-O Ne7 12. Ng5 Ned5 13. Qh5 Qe7 (13... g6 $142 14. Qh3 a6) 14. Nce4 Bf4 15. g3 Bc7 16. Bd2 (16. Nxh7 $18 Qf8 17. Neg5) 16... Bd7 17. Rac1 Bc6 $16 18. b4 a6 19. Rfe1 g6 20. Qh3 h6 21. Nc5 O-O-O 22. Ngxe6 fxe6 23. Rxe6 Bd7 24. Rce1 Qg7 25. Nxd7 Nxd7 26. Qg4 h5 27. Qe4 N7f6 28. Qxg6 Qxg6 29. Bxg6 Rhg8 30. Bf5 Kb8 31. Kf1 Rdf8 32. Bh6 Rf7 33. R6e2 Rh8 34. Be6 Rfh7 35. Bg5 Bd8 36. Bxd5 Nxd5 37. Re8 Kc8 38. Bxd8 Rxe8 39. Rxe8 Kd7 40. Rf8 Nxb4 41. a4 Nc6 42. Bb6 Ne7 43. Rf6 Nd5 44. Rg6 Nxb6 45. Rxb6 Kc7 46. Rb4 b6 47. Ke2 Kc6 48. f4 Rh6 49. h3 Kd5 50. Kf3 Rc6 51. f5 a5 52. Rb5+ Kxd4 53. Kf4 Rc1 54. Kg5 Rc3 55. g4 Rxh3 56. gxh5 Rg3+ 57. Kf4 Rg1 58. Rxb6 Kd5 59. Rb5+ Kd6 60. Rxa5 Ke7 61. Ra7+ Kf6 62. Ra6+ Kf7 63. h6 Rf1+ 64. Ke5 Re1+ 65. Kd6 Rd1+ 66. Kc7 Rf1 67. f6 Rh1 68. a5 Rxh6 69. Rc6 Rh1 70. a6 Ra1 71. Kb7 Rb1+ 72. Rb6 Rd1 73. a7 Rd7+ 74. Kb8 Rd8+ 75. Kc7 Ra8 76. Kb7 1-0

[Event "Belt Road Women 2019"]
[Site "Shaoxing"]
[Date "2019.07.15"]
[Round "7.7"]
[White "Ni, Shiqun"]
[Black "Zhu, Jiner"]
[Result "1/2-1/2"]
[ECO "B51"]
[WhiteElo "2407"]
[BlackElo "2454"]
[Annotator "RC"]
[PlyCount "57"]
[EventDate "2019.07.08"]
[EventType "swiss"]
[EventCountry "CHN"]
[SourceTitle "playchess.com"]
[Source "ChessBase"]
[SourceQuality "1"]
[TimeControl "5400+30"]

1. e4 c5 2. Nf3 d6 3. Bb5+ Nd7 4. O-O a6 5. Bd3 Ngf6 6. Re1 b5 7. c4 Ne5 8. Bf1 Nxc4 9. a4 Bd7 10. d4 cxd4 11. Nxd4 g6 12. axb5 axb5 13. Rxa8 Qxa8 14. Nc3 Qc8 15. Ndxb5 Bg7 16. Qe2 Ne5 17. Bg5 O-O 18. h3 Be6 19. Ra1 h6 20. Be3 Bc4 21. Qd1 Bxf1 22. Qxf1 Nc4 23. Qe2 Nxe3 24. Qxe3 Qc6 25. Ra7 Rb8 26. Rc7 Qa6 27. Ra7 Qc6 28. Rc7 Qa6 29. Ra7 1/2-1/2

[Event "Belt Road Women 2019"]
[Site "Shaoxing"]
[Date "2019.07.15"]
[Round "7.14"]
[White "Gu, Tianlu"]
[Black "Zhou, Yafei"]
[Result "1-0"]
[ECO "D02"]
[WhiteElo "2205"]
[BlackElo "1720"]
[Annotator "RC"]
[PlyCount "176"]
[EventDate "2019.07.08"]
[EventType "swiss"]
[EventCountry "CHN"]
[SourceTitle "playchess.com"]
[Source "ChessBase"]
[SourceQuality "1"]
[TimeControl "5400+30"]

1. d4 Nf6 2. Nf3 g6 3. Bf4 Bg7 4. c3 d5 5. h3 c6 6. e3 Nbd7 7. Bd3 O-O 8. Nbd2 Re8 9. Bh2 b6 10. O-O Bb7 11. a4 a5 12. b4 Ba6 13. b5 cxb5 14. Qe2 Rc8 15. Rfc1 e6 16. Rab1 Qe7 17. Bxb5 Bxb5 18. Qxb5 Red8 19. c4 h6 20. Ne5 Nxe5 21. Bxe5 Qa3 22. Qxb6 Nd7 23. Qd6 Qd3 24. Bxg7 Kxg7 25. Nf3 Nf6 26. Qb6 dxc4 27. Ne5 Qf5 28. Qxa5 Ne4 29. f3 Nd6 30. Qc3 h5 31. Nc6 Re8 32. e4 Qf4 33. Rb6 Kh7 34. Re1 Rc7 35. Nb4 Nc8 36. Rb5 Nd6 37. Rc5 Rec8 38. Rxc7 Rxc7 39. d5 e5 40. Nc6 Qg3 41. Rc1 f6 42. Qe1 Qxe1+ 43. Rxe1 Rb7 44. a5 Rb2 45. a6 Ra2 46. a7 c3 47. Rc1 Nb5 48. d6 Nxa7 49. Nxa7 Rxa7 50. Rxc3 Ra1+ 51. Kf2 Rd1 52. Rc7+ Kh6 53. Rd7 h4 54. Ke2 Rd4 55. Rd8 Kg5 56. d7 Rd6 57. Ke3 Rd1 58. g3 f5 59. gxh4+ Kf6 60. exf5 gxf5 61. Rf8+ Ke7 62. Re8+ Kxd7 63. Rxe5 Rh1 64. Rxf5 Rxh3 65. Rf4 Ke6 66. Kf2 Rh1 67. Kg2 Ra1 68. h5 Ra5 69. Rh4 Kf7 70. h6 Kg8 71. h7+ Kh8 72. Kg3 Rb5 73. Kg4 Ra5 74. f4 Ra6 75. Kg5 Rg6+ 76. Kf5 Rf6+ 77. Ke5 Ra6 78. f5 Rb6 79. Rh3 Ra6 80. Rd3 Kxh7 81. Rd6 Ra1 82. Ke6 Kg7 83. Rd7+ Kf8 84. Rd8+ Kg7 85. f6+ Kg6 86. Rg8+ Kh7 87. f7 Ra6+ 88. Kd5 Ra5+ 1-0

[Event "Belt Road Women 2019"]
[Site "Shaoxing"]
[Date "2019.07.15"]
[Round "7.16"]
[White "Song, Yuxin"]
[Black "Zhang, Yuxuan"]
[Result "1-0"]
[ECO "B07"]
[WhiteElo "2277"]
[BlackElo "1987"]
[Annotator "RC"]
[PlyCount "105"]
[EventDate "2019.07.08"]
[EventType "swiss"]
[EventCountry "CHN"]
[SourceTitle "playchess.com"]
[Source "ChessBase"]
[SourceQuality "1"]
[TimeControl "5400+30"]

1. d4 Nf6 2. Nf3 g6 3. Nbd2 Bg7 4. e4 d6 5. Bb5+ c6 6. Bd3 O-O 7. O-O Bd7 8. Re1 Qc7 9. c3 a5 10. h3 Rd8 11. Nf1 c5 12. Be3 c4 13. Bc2 b5 14. Qd2 Na6 15. Bf4 Bc6 16. Ng3 e5 17. Bg5 Re8 18. d5 Bd7 19. Nh2 b4 20. h4 Ng4 21. Nxg4 Bxg4 22. Nf1 Rab8 23. Ne3 Bd7 24. h5 a4 25. hxg6 hxg6 26. Rec1 a3 27. b3 cxb3 28. Bxb3 bxc3 29. Rxc3 Nc5 30. Bc2 Rb2 31. Nd1 Qa5 32. Qe3 Rb4 33. Rxa3 Qb5 34. Rc3 f5 35. a3 Rd4 36. f3 f4 37. Qf2 Qa5 38. Rc1 Bb5 39. g3 Bd3 40. Rb1 fxg3 41. Qxg3 Bxc2 42. Rxc2 Qxa3 43. Bh6 Kh7 44. Bxg7 Kxg7 45. Rg2 Rxd1+ 46. Rxd1 Qe3+ 47. Kf1 Qh6 48. Qg5 Qxg5 49. Rxg5 Kh6 50. Rg2 Rb8 51. Kf2 Rb2+ 52. Kg3 Kg5 53. Rxb2 1-0

[Event "Belt Road Women 2019"]
[Site "Shaoxing"]
[Date "2019.07.16"]
[Round "8.16"]
[White "Xu, Yuze"]
[Black "Peng, Tianlu"]
[Result "1-0"]
[ECO "B14"]
[WhiteElo "2083"]
[BlackElo "1901"]
[Annotator "NA RC"]
[PlyCount "61"]
[EventDate "2019.07.08"]
[EventType "swiss"]
[EventCountry "CHN"]
[SourceTitle "playchess.com"]
[Source "ChessBase"]
[SourceQuality "1"]
[TimeControl "5400+30"]

1. e4 c6 2. d4 d5 3. exd5 cxd5 4. c4 Nf6 5. Nc3 g6 6. Bg5 Nbd7 7. cxd5 Bg7 8. d6 exd6 9. Qe2+ Qe7 10. Nb5 Qxe2+ 11. Nxe2 Ke7 12. Nec3 Nb6 13. Nc7 Rb8 14. a4 Kd7 15. a5 Kxc7 16. axb6+ Kxb6 17. Bxf6 Re8+ 18. Be2 Bh6 19. O-O a6 20. Bf3 Bf5 21. Nd5+ Ka7 22. Nc7 Bd3 23. Nxe8 Bxf1 24. Nxd6 Bd3 25. Nxf7 Rf8 26. Nxh6 Rxf6 27. Rd1 Bc2 28. Rd2 Re6 29. h3 Ba4 30. d5 Re1+ 31. Kh2 1-0

[Event "Belt Road Women 2019"]
[Site "Shaoxing"]
[Date "2019.07.16"]
[Round "8.17"]
[White "Zhang, Yuxuan"]
[Black "Zhou, Yafei"]
[Result "1-0"]
[ECO "C07"]
[WhiteElo "1987"]
[BlackElo "1720"]
[Annotator "NA RC"]
[PlyCount "91"]
[EventDate "2019.07.08"]
[EventType "swiss"]
[EventCountry "CHN"]
[SourceTitle "playchess.com"]
[Source "ChessBase"]
[SourceQuality "1"]
[TimeControl "5400+30"]

1. e4 e6 2. d4 d5 3. Nd2 c5 4. exd5 Qxd5 5. dxc5 Bxc5 6. Ngf3 Nf6 7. Bc4 Qc6 8. O-O O-O 9. Qe2 a6 10. a4 Nbd7 11. b3 b6 12. Bb2 Bb7 13. Bd3 Rfe8 14. Nc4 e5 15. Bf5 e4 16. Nfe5 Nxe5 17. Nxe5 Qc7 18. Ng4 Nxg4 19. Qxg4 Bf8 20. Qh4 h6 21. c4 Qe7 22. Qg3 Qg5 23. Qxg5 hxg5 24. Rad1 Rad8 25. Bc1 Rxd1 26. Rxd1 Re5 27. g4 g6 28. Bd7 Bg7 29. Be3 f5 30. Bxb6 f4 31. Bd4 e3 32. Bxe5 Bxe5 33. fxe3 fxe3 34. Be6+ Kf8 35. Rd8+ Ke7 36. Rd7+ Kxe6 37. Rxb7 Bd4 38. Kf1 Ke5 39. Rf7 Ke4 40. Ke2 Bc5 41. Rc7 Bd4 42. c5 Kd5 43. b4 Kc4 44. Rd7 Be5 45. c6 Kxb4 46. c7 1-0

[Event "Belt Road Women 2019"]
[Site "Shaoxing"]
[Date "2019.07.17"]
[Round "9.7"]
[White "Munkhzul, Turmunkh"]
[Black "Khademalsharieh, Sarasadat"]
[Result "1/2-1/2"]
[ECO "C22"]
[WhiteElo "2386"]
[BlackElo "2481"]
[Annotator "RC"]
[PlyCount "126"]
[EventDate "2019.07.08"]
[EventType "swiss"]
[EventCountry "CHN"]
[SourceTitle "playchess.com"]
[Source "ChessBase"]
[SourceQuality "1"]
[TimeControl "5400+30"]

1. e4 e5 2. d4 exd4 3. Qxd4 Nc6 4. Qe3 Nf6 5. Bd2 Bb4 6. a3 Bxd2+ 7. Nxd2 O-O 8. O-O-O Re8 9. f3 d5 10. g4 dxe4 11. Nxe4 Bd7 12. Nh3 Nxe4 13. fxe4 Qe7 14. Nf2 Ne5 15. g5 b5 16. h4 a5 17. h5 b4 18. a4 Bxa4 19. h6 g6 20. Rd5 Bd7 21. Nd3 Nxd3+ 22. Bxd3 Be6 23. Qd4 Qf8 24. Rc5 Rad8 25. Qf2 a4 26. Kb1 a3 27. Bb5 Qd6 28. b3 Rf8 29. e5 Qd4 30. Qxd4 Rxd4 31. Rxc7 Rg4 32. Bd7 Bxd7 33. Rxd7 Rxg5 34. e6 fxe6 35. Rg7+ Kh8 36. Re7 e5 37. Rh4 Rg1+ 38. Ka2 Rg2 39. Rc7 Rg8 40. Rxb4 Rh2 41. Kxa3 Rxh6 42. Re7 g5 43. Rg4 Ra6+ 44. Kb4 h5 45. Rg1 h4 46. Rxe5 Rag6 47. c4 h3 48. c5 g4 49. Rh5+ Kg7 50. c6 Rc8 51. Rh4 Rcxc6 52. Rgxg4 Rxg4+ 53. Rxg4+ Rg6 54. Rh4 Rh6 55. Rg4+ Kf6 56. Rg1 Kf5 57. Kc5 h2 58. Rh1 Kf4 59. b4 Kg3 60. b5 Kg2 61. Rxh2+ Rxh2 62. b6 Kf3 63. b7 Rb2 1/2-1/2

[Event "Belt Road Women 2019"]
[Site "Shaoxing"]
[Date "2019.07.17"]
[Round "9.13"]
[White "Tokhirjonova, Gulrukhbegim"]
[Black "Fominykh, Maria"]
[Result "1-0"]
[ECO "C41"]
[WhiteElo "2422"]
[BlackElo "2243"]
[Annotator "RC"]
[PlyCount "68"]
[EventDate "2019.07.08"]
[EventType "swiss"]
[EventCountry "CHN"]
[SourceTitle "playchess.com"]
[Source "ChessBase"]
[SourceQuality "1"]
[TimeControl "5400+30"]

1. e4 d6 2. d4 Nf6 3. Nc3 Nbd7 4. Nf3 e5 5. Bc4 Be7 6. O-O O-O 7. a4 c6 8. Re1 a5 9. h3 Nb6 10. Ba2 Nfd7 11. Be3 exd4 12. Nxd4 Nc5 13. Qd2 Kh8 14. Bb3 Nxb3 15. Nxb3 Nc4 16. Qe2 Nxe3 17. Qxe3 Qc7 18. Rad1 Bd7 19. Nd4 Rae8 20. Qd3 Qb6 21. b3 Bc8 22. Nb1 Bf6 23. Nf3 Rd8 24. c4 Be6 25. Nbd2 d5 26. cxd5 cxd5 27. e5 Be7 28. Nd4 Bc5 29. N2f3 h6 30. Re2 Rc8 31. Rc2 Bd7 32. Rdc1 Kg8 33. Kh1 Ba3 34. Re1 Bc5 1-0

[Event "Belt Road Women 2019"]
[Site "Shaoxing"]
[Date "2019.07.17"]
[Round "9.14"]
[White "Yan, Tianqi"]
[Black "Bai, Xue"]
[Result "0-1"]
[ECO "E04"]
[WhiteElo "2034"]
[BlackElo "2029"]
[Annotator "NA RC"]
[PlyCount "122"]
[EventDate "2019.07.08"]
[EventType "swiss"]
[EventCountry "CHN"]
[SourceTitle "playchess.com"]
[Source "ChessBase"]
[SourceQuality "1"]
[TimeControl "5400+30"]

1. c4 e6 2. Nf3 Nf6 3. g3 d5 4. Bg2 c5 5. O-O Nc6 6. d4 dxc4 7. dxc5 Qxd1 8. Rxd1 Bxc5 9. Nbd2 c3 10. bxc3 O-O 11. Nb3 Be7 12. Nfd4 Bd7 13. Bg5 {[%emt 0:02:08] E04: Open Catalan: 5 Nf3} (13. Nxc6 Bxc6 14. Bxc6 bxc6 15. c4 Rfb8 16. Bd2 Rb6 17. Rac1 c5 18. Be3 Rc6 19. Rc2 Kf8 20. f3 Ke8 {½-½ (52) So,W (2780)-Vidit,S (2718) chess.com INT 2018}) 13... Rac8 14. Bxf6 Bxf6 15. Nc5 Nxd4 16. cxd4 Bb5 17. Bxb7 Bxe2 18. Re1 $146 ({Predecessor:} 18. Bxc8 Bxd1 19. Bxe6 Bf3 20. Bh3 Bxd4 {0-1 (49) Sriram,J (2446)-Kotanjian,T (2517) Beirut 2011}) 18... Rc7 19. Rxe2 Bxd4 20. Rd1 (20. Nxe6 $1 $11 {keeps the balance.} fxe6 21. Rb1) 20... Bxc5 21. Be4 Bb6 22. Rc2 Rxc2 23. Bxc2 g6 24. Bb3 Kg7 25. Kg2 Rc8 26. Rd7 Kf6 27. f3 Rc1 28. Rd1 Rc7 29. Rd2 Ke7 30. Ba4 e5 31. Rc2 Rb7 32. Re2 Bd4 33. f4 f6 34. fxe5 Bxe5 35. Rd2 h5 36. h3 a5 37. Bd1 Rb4 38. a4 Ke6 39. Kf3 f5 40. Kg2 Kf6 41. Kf3 Re4 42. Rd3 h4 43. g4 Rf4+ 44. Kg2 fxg4 45. hxg4 Re4 46. Kf3 Rc4 47. Kg2 Kg5 48. Kh3 Re4 49. Kg2 Rb4 50. Rd2 Re4 $2 (50... Kf6 $19 51. Rf2+ Bf4) 51. Rd3 $1 Re1 52. Bf3 Ra1 53. Bd1 $2 {[%emt 0:00:22] [#]} (53. Bc6 {was the only chance.}) 53... Ra2+ (53... h3+ $142 $1 54. Kg1 (54. Rxh3 Rxd1) 54... Kh4) 54. Kf1 Bg3 $19 55. Kg1 Kf4 56. Kh1 (56. Rf3+ {is a better defense.} Ke4 57. Rf1) 56... Ke4 57. Rf3 Ra1 58. Rf1 Ke3 59. Kg1 g5 60. Kg2 Kd3 61. Be2+ {[%emt 0:00:00] Rxa4} Kd4 0-1